 Dungeon Crawl Stone Soup version 0.32-a0-12-g7fc57aa741 (webtiles) character file.

Game seed: 12412794428492292491

254 mandarbmax the Trooper (level 6, 0/66 HPs)
             Began as an Oni Shapeshifter on Jan 14, 2024.
             Slain by a gnoll
             ... wielding a +0 spear
             ... led by a gnoll bouda
              (3 damage)
             ... on level 5 of the Dungeon.
             The game lasted 00:05:31 (2498 turns).

mandarbmax the Trooper (Oni Shapeshifter)           Turns: 2498, Time: 00:05:32

Health: 0/66       AC:  3    Str: 21    XL:     6   Next: 15%
Magic:  6/6        EV: 10    Int: 11    God:
Gold:   165        SH:  0    Dex: 20    Spells: 5/5 levels left

rFire   . . .        k - +0 whip
rCold   . . .        (no shield)
rNeg    . . .        a - +0 animal skin
rPois   .            (helmet currently unavailable)
rElec   .            (cloak currently unavailable)
rCorr   .            (gloves unavailable)
SInv    .            (boots unavailable)
Will    .....        p - amulet of the acrobat
Stlth   ++           g - +6 ring of dexterity
HPRegen 0.31/turn    j - +6 ring of dexterity
MPRegen 0.10/turn

%: acrobat
@: about to teleport, beast-form, weakened
A: beast (slay +1), large, unfitting armour, horns 1, tough skin 1, double
potion healing, drunken brawling
a: Begin Untransformation


You were on level 5 of the Dungeon.
You were a hulking beast.
You visited 1 branch of the dungeon, and saw 5 of its levels.

You collected 165 gold pieces.

Inventory:

Hand Weapons
 k - a +0 whip (weapon)
Missiles
 m - 5 datura-tipped darts (quivered)
Armour
 a - a +0 animal skin (worn)
Jewellery
 g - a +6 ring of dexterity (left hand)
 j - a +6 ring of dexterity (right hand)
 l - a ring of ice
 p - an amulet of the acrobat (around neck)
Talismans
 c - a beast talisman
 d - a flux talisman
Wands
 b - a wand of light (4)
Scrolls
 i - a scroll of enchant weapon {unknown}
 o - a scroll of teleportation
 q - a scroll of revelation {unknown}
Potions
 e - 3 potions of attraction {unknown}
 f - a potion of curing
 h - 3 potions of heal wounds {unknown}
 n - a potion of resistance
 r - a potion of mutation
 s - a potion of brilliance


   Skills:
 + Level 5.2 Fighting
 * Level 3.9 Maces & Flails
 - Level 2.0 Dodging
 - Level 2.9 Unarmed Combat
 - Level 3.0 Shapeshifting


You had 5 spell levels left.
You didn't know any spells.
Your spell library was empty.

Dungeon Overview and Level Annotations

Branches:
Dungeon (5/15)
 Temple: D:4-7

Altars:
The Shining One


Innate Abilities, Weirdness & Mutations

You are a hulking beast.
Your limbs bulge with bestial killing power. (Slay +1)
You are too large for most types of armour.
You have a pair of small horns on your head.
You have tough skin. (AC +1)
You gain doubled healing and magic from potions.
Whenever you drink a healing potion, you attack all around you.


Message History

You hit the adder but do no damage.
The adder is moderately wounded.
The adder bites you.
The gnoll hits you from afar with a +0 spear.
The gnoll misses you.
The gnoll hits you from afar with a +0 spear.
You barely miss the adder. Your punch misses the adder.
The adder is moderately wounded.
The adder bites you but does no damage.
The gnoll bouda gazes fiercely through you!
You feel your attacks grow feeble.
The gnoll hits you from afar with a +0 spear.
You hit the adder. Your headbutt misses the adder.
The adder is heavily wounded.
The adder closely misses you. The gnoll misses you.
The gnoll hits you but does no damage. The adder bites you but does no damage.
You hit the adder but do no damage.
The adder is heavily wounded.
The gnoll closely misses you. The gnoll barely misses you.
The adder bites you but does no damage.
You miss the adder. You headbutt the adder.
The adder is severely wounded.
The gnoll hits you from afar with a +0 spear.
The gnoll hits you with a +0 whip! The adder closely misses you.
The gnoll hits you with a +0 whip.
You are too injured to fight recklessly!
You are too injured to fight recklessly!
Unknown command.
The adder attacks as it pursues you! The adder misses you.
The gnoll bouda attacks as it pursues you!
The gnoll bouda hits you with a +0 club!
* * * LOW HITPOINT WARNING * * *
As you read the scroll of teleportation, it crumbles to dust.
You feel strangely unstable. The adder barely misses you. The gnoll misses you.
The gnoll hits you with a +0 whip.
* * * LOW HITPOINT WARNING * * *
The gnoll bouda hits you with a +0 club.
* * * LOW HITPOINT WARNING * * *
The gnoll hits you from afar with a +0 spear.
You die...

..... #......#... ##...#
#.......... .....#
#.......... #
#...####........## ###.
#.................
...#####..##....##......
###.....#..##....#
......
......ggg...'....#
......
.......gh..##....# ##
......gS...##....#
.....#............# ....
#............# ..
#............#
#....!.......#
#............#
#...........
####........


You could see a gnoll bouda, 4 gnolls and an adder.

Vanquished Creatures
  A black bear (D:3)
  A bombardier beetle (D:3)
  An iguana (D:4)
  2 adders
  A white imp (D:3)
  A dart slug (D:2)
  A ribbon worm (D:3)
  4 orcs (D:3)
  7 ball pythons
  6 bats
  12 endoplasms
  2 giant cockroaches
  4 goblins
  3 hobgoblins
  3 quokkas
  7 frilled lizards
  4 goblin skeletons (D:3)
  A goblin zombie (D:3)
  A hobgoblin zombie (D:3)
  5 kobolds
  2 kobold skeletons (D:3)
  A kobold zombie (D:3)
  2 orc skeletons (D:3)
  An orc zombie (D:3)
  3 rats
76 creatures vanquished.

Notes
Turn   | Place    | Note
-------+----------+-------------------------------------------
     0 | D:1      | mandarbmax the Oni Shapeshifter began the quest for the
                  | Orb.
     0 | D:1      | Reached XP level 1. HP: 19/19 MP: 1/1
   194 | D:1      | Reached skill level 2 in Fighting
   210 | D:1      | Reached XP level 2. HP: 29/29 MP: 2/2
   229 | D:1      | Reached skill level 3 in Fighting
   319 | D:1      | Reached XP level 3. HP: 37/37 MP: 3/3
   963 | D:2      | Reached skill level 1 in Maces & Flails
  1221 | D:3      | Noticed a black bear
  1456 | D:3      | Reached XP level 4. HP: 42/48 MP: 4/4
  1581 | D:3      | Reached skill level 4 in Fighting
  1621 | D:3      | Identified the +6 quarterstaff "Xogoh" {flame, rPois rC-
                  | rN+ rCorr}
  1836 | D:3      | Found a glowing golden altar of the Shining One.
  1847 | D:3      | Reached XP level 5. HP: 50/55 MP: 5/5
  1996 | D:3      | Killed a black bear
  1997 | D:3      | Reached skill level 5 in Fighting
  1997 | D:3      | Reached XP level 6. HP: 32/66 MP: 6/6
  2458 | D:4      | You fall into a shaft and drop 1 floor!
  2458 | D:5      | Entered Level 5 of the Dungeon
  2498 | D:5      | HP: 3/66 [gnoll bouda/+0 club (3)]
  2498 | D:5      | Slain by a gnoll

Illustrated notes

Levels and vault maps discovered:
D:1:      orjb1_lava_funnel, layout_basic
D:2:      layout_basic
D:3:      layout_basic, nicolae_tso_besieged_by_evil, small_statue_intersection
D:4:      layout_basic, uniq_eustachio, uniq_blork_the_orc
D:5:      layout_basic, grunt_temple_overflow_diamond,
          minmay_overflow_temple_star_hex, uniq_duvessa, uniq_edmund

Skill      XL: |  1  2  3  4  5 |
---------------+----------------+-----
Dodging        | 2 |  2.0
Fighting       | 2 3 4 5 |  5.2
Maces & Flails | 1 2 3 |  3.9
Unarmed Combat | |  2.9
Shapeshifting  | |  3.0

Action                     |  1- 3 |  4- 6 || total
---------------------------+-------+-------++-------
  Melee: Unarmed           |    52 |       ||    52
         Headbutt          |    12 |    19 ||    31
         Whip              |    38 |   111 ||   149
         Punch             |     1 |     4 ||     5
    Use: Scroll            |     3 |     4 ||     7
         Potion            |       |     1 ||     1
   Stab: Sleeping          |     3 |     3 ||     6
         Distracted        |       |     1 ||     1
 Armour: Animal skin       |    50 |    58 ||   108
         Skin              |       |    42 ||    42
  Dodge: Dodged            |    41 |    57 ||    98

Table legend: (Time is in decaauts)
 A = Elapsed time spent in this place.
 B = Non-inter-level travel time spent in this place.
 C = Inter-level travel time spent in this place.
 D = Time resting spent in this place.
 E = Time spent auto-exploring this place.
 F = Levels seen in this place.
 G = Mean time per level.
                   A        B        C        D        E       F      G
               +--------+--------+--------+--------+--------+-----+--------+
         Total |   2494 |   2412 |     82 |    246 |   1658 |   5 |  498.8 |
       Dungeon |   2494 |   2412 |     82 |    246 |   1658 |   5 |  498.8 |
               +--------+--------+--------+--------+--------+-----+--------+

Top non-repeatable levels by time:
     D:3: 987 daAuts
     D:1: 685 daAuts
     D:2: 651 daAuts
     D:4: 130 daAuts
     D:5: 39 daAuts
